 Dungeon Crawl Stone Soup version 0.21.1-1-g345015f (webtiles) character file.

740 tidbits the Charmwright (level 7, -1/56 HPs)
             Began as a Gnoll Skald on June 23, 2018.
             Slain by an orc
             ... wielding a +0 falchion
              (5 damage)
             ... on level 4 of the Dungeon.
             The game lasted 00:06:05 (413 turns).

tidbits the Charmwright (Gnoll Skald)                Turns: 413, Time: 00:06:06

Health: -1/56      AC:  3    Str: 13    XL:     7   Next: 75%
Magic:  3/15       EV: 14    Int: 23    God:
Gold:   26         SH:  0    Dex: 14    Spells: 6/17 levels left

rFire    . . .     SeeInvis .   i - +0 morningstar
rCold    . . .     Gourm    .   (no shield)
rNeg     . . .     Faith    .   B - +0 leather armour
rPois    .         Spirit   .   (no helmet)
rElec    .         Reflect  .   (no cloak)
rCorr    .         Harm     .   (no gloves)
MR       .....                  (no boots)
Stlth    ++........             (no amulet)
HPRegen  0.18/turn              (no ring)
MPRegen  0.14/turn              (no ring)

@: brilliant
A: distributed training, fangs 1, strong nose
a: no special abilities


You were on level 4 of the Dungeon.
You were not hungry.

You visited 1 branch of the dungeon, and saw 5 of its levels.

You collected 26 gold pieces.

Inventory:

Hand Weapons
 a - a +0 hand axe
 b - a +0 dagger
 i - a +0 morningstar (weapon)
 q - a +0 whip of freezing
   (You took it off Pikel on level 4 of the Dungeon)
Missiles
 e - 24 arrows
 f - 21 bolts
 g - 19 stones (quivered)
Armour
 B - a +0 leather armour (worn)
Wands
 p - a wand of random effects (4)
Scrolls
 j - a scroll of remove curse
 k - a scroll of immolation {unknown}
 l - a scroll of enchant armour {unknown}
 m - a scroll of amnesia {unknown}
 n - a scroll of identify {unknown}
Books
 c - a book of Battle

   Spells                             Type                      Level
   a - Infusion                       Charms                       1
   b - Shroud of Golubria             Charms/Translocation         2
   c - Song of Slaying                Charms                       2
   d - Spectral Weapon                Hexes/Charms                 3
   e - Regeneration                   Charms/Necromancy            3
Comestibles
 d - 3 rations


   Skills:
 + Level 5.3 Fighting
 + Level 2.6 Short Blades
 + Level 2.6 Long Blades
 + Level 5.3 Axes
 + Level 2.6 Maces & Flails
 + Level 2.6 Polearms
 + Level 2.6 Staves
 + Level 2.6 Slings
 + Level 2.6 Bows
 + Level 2.6 Crossbows
 + Level 2.6 Throwing
 + Level 3.7 Armour
 + Level 5.3 Dodging
 + Level 2.6 Stealth
 + Level 2.6 Shields
 + Level 2.6 Unarmed Combat
 + Level 5.7 Spellcasting
 + Level 2.1 Conjurations
 + Level 2.1 Hexes
 + Level 5.9 Charms
 + Level 2.1 Summonings
 + Level 2.1 Necromancy
 + Level 2.1 Translocations
 + Level 2.1 Transmutations
 + Level 2.1 Fire Magic
 + Level 2.1 Ice Magic
 + Level 2.1 Air Magic
 + Level 2.1 Earth Magic
 + Level 2.1 Poison Magic
 + Level 2.9 Invocations
 + Level 2.6 Evocations


You had 6 spell levels left.
You knew the following spells:

 Your Spells              Type           Power        Failure   Level  Hunger
g - Shroud of Golubria    Chrm/Tloc      #####.....   1%          2    None
i - Infusion              Chrm           ####         1%          1    None
r - Regeneration          Chrm/Necr      #####.....   1%          3    #......
w - Spectral Weapon       Hex/Chrm       #####...     1%          3    #......
y - Song of Slaying       Chrm           #####...     1%          2    None


Dungeon Overview and Level Annotations

Branches:
Dungeon (5/15)
 Temple: D:4-7

Altars:
Yredelemnul

Annotations:
D:3 iamserjio's ghost, weakling GnSk
D:4 sefi's ghost, amateur MfGl


Innate Abilities, Weirdness & Mutations

Your experience applies equally to all skills.
You have very sharp teeth.
Your uncanny sense of smell can sniff out nearby items.


Message History

a scorpion corpse
q - a whip of freezing Your skin stops crawling.
You see here a scroll labeled ACOZXIDIUR.
j - 2 scrolls labeled ACOZXIDIUR (gained 1)
Casting: Regeneration
Confirm with . or Enter, or press ? or * to list all spells.
Your skin crawls.
An orc priest comes into view. It is wielding a dagger.
Evoke which item? (* to show all) (? for menu, Esc to quit)
Aiming: Random Effects
Press: ? - help, Shift-Dir - straight line, f - orc priest
Aim: an orc priest, wielding a dagger and wearing a ring mail The orc priest resists with significant effort.
Evoke which item? (* to show all) (? for menu, Esc to quit)
Aiming: Random Effects
Press: ? - help, Shift-Dir - straight line, f/p - orc priest
Aim: an orc priest, wielding a dagger and wearing a ring mail The puff of frost hits the orc priest.
The orc priest is heavily wounded.
Evoke which item? (* to show all) (? for menu, Esc to quit)
Aiming: Random Effects
Press: ? - help, Shift-Dir - straight line, f/p - orc priest
Aim: an orc priest, wielding a dagger and wearing a ring mail (heavily wounded)
The orc priest flickers and vanishes!
Evoke which item? (* to show all) (? for menu, Esc to quit)
Aiming: Random Effects
Press: ? - help, Shift-Dir - straight line, f - you The puff of flame hits something.
You hear something mumble some strange prayers to Beogh against you.
Beogh smites you!
* * * LOW HITPOINT WARNING * * *
The orc priest shouts!
Items here: [[ †† a robe; an animal skin; the big kobold corpse of Pikel; a scorpion corpse Your skin is crawling a little less now.
You see here a howler monkey corpse.
Unknown command.
Unknown command.
An orc comes into view. It is wielding a falchion.
A scorpion comes into view.
You hear something invoke the aid of Beogh against you.
Beogh smites you!
* * * LOW HITPOINT WARNING * * *
The orc shouts!
You feel better.
You hear something call down the wrath of Beogh upon you.
Beogh smites you!
* * * LOW HITPOINT WARNING * * *
An orc comes into view. It is wielding a club.
It was a potion of brilliance.
You feel clever all of a sudden.
Unknown command.
Evoke which item? (* to show all) (? for menu, Esc to quit)
Aiming: Random Effects
Press: ? - help, Shift-Dir - straight line, f - orc
Aim: an orc, wielding a falchion The bolt of negative energy hits the orc priest.
The orc priest is drained!
You kill the orc priest!
Something hits you but does no damage.
Unknown command.
Unknown command.
Unknown command.
As you read the scroll labeled ACOZXIDIUR, it crumbles to dust.
You feel blessed for a moment.
It was a scroll of remove curse.
Your skin stops crawling.
Something hits you but does no damage. The orc misses you.
The scorpion stings the freed slave!
Okay, then.
Unknown command.
Unknown command.
Evoke which item? (* to show all) (? for menu, Esc to quit)
Aiming: Random Effects
Press: ? - help, Shift-Dir - straight line, f - orc
Aim: an orc, wielding a falchion The freed slave hits the scorpion.
The orc misses you.
The scorpion closely misses the freed slave.
Evoke which item? (* to show all) (? for menu, Esc to quit)
Aiming: Random Effects
Press: ? - help, Shift-Dir - straight line, f - orc
Aim: an orc, wielding a falchion The puff of frost hits something.
You feel a bit more experienced.
The freed slave closely misses the scorpion.
The orc completely misses you.
The scorpion barely misses the freed slave.
The freed slave hits something!
The orc hits you with a falchion.
* * * LOW HITPOINT WARNING * * *
Something stings the freed slave.
Things that are here:
a dagger; a ring mail; 13 gold pieces You see here a howler monkey corpse.
You aren't carrying any potions.
Unknown command.
Evoke which item? (* to show all) (? for menu, Esc to quit)
Aiming: Random Effects
Press: ? - help, Shift-Dir - straight line, f - orc
Aim: an orc, wielding a falchion The orc twists and deforms.
The orc hits you with a falchion.
You die...

#.....(.........#
#...............#
#...............#
#...............#
#...............#
...............##
#....[......##
######[######
##### #@#
....s###o#
##.p..o###
#...>....#
#........#
#.........<.
#........#...
#....p...#...#
..............#


You could see 2 orcs and a neutral freed slave (wandering).

Vanquished Creatures
  Pikel (D:4)
  2 slaves (D:4)
  A phantom (D:4)
  A scorpion (D:4)
  2 orc priests (D:4)
  A worker ant (D:5)
  An adder (D:4)
  An adder skeleton (D:4)
  A dart slug (D:1)
  A leopard gecko (D:4)
  3 orcs (D:4)
  A bat (D:1)
  3 hobgoblins (D:1)
  A goblin (D:2)
  A kobold (D:1)
21 creatures vanquished.

Vanquished Creatures (others)
  A howler monkey (D:4)
  An adder (D:4)
2 creatures vanquished.

Grand Total: 23 creatures vanquished

Notes
Turn   | Place    | Note
-------+----------+-------------------------------------------
     0 | D:1      | tidbits the Gnoll Skald began the quest for the Orb.
     0 | D:1      | Reached XP level 1. HP: 20/20 MP: 6/6
    81 | D:1      | Reached XP level 2. HP: 25/26 MP: 0/7
    85 | D:1      | Learned a level 2 spell: Song of Slaying
    88 | D:1      | Learned a level 2 spell: Shroud of Golubria
   119 | D:3      | Found a basalt altar of Yredelemnul.
   198 | D:4      | Noticed a phantom
   214 | D:4      | Reached skill level 5 in Spellcasting
   214 | D:4      | Reached XP level 3. HP: 31/31 MP: 0/9
   228 | D:3      | Learned a level 3 spell: Regeneration
   232 | D:3      | Learned a level 3 spell: Spectral Weapon
   232 | D:3      | Noticed iamserjio's ghost (weakling GnSk)
   245 | D:4      | Killed a phantom
   245 | D:4      | Reached skill level 1 in Short Blades
   245 | D:4      | Reached skill level 1 in Long Blades
   245 | D:4      | Reached skill level 1 in Maces & Flails
   245 | D:4      | Reached skill level 1 in Polearms
   245 | D:4      | Reached skill level 1 in Staves
   245 | D:4      | Reached skill level 1 in Slings
   245 | D:4      | Reached skill level 1 in Bows
   245 | D:4      | Reached skill level 1 in Crossbows
   245 | D:4      | Reached skill level 1 in Throwing
   245 | D:4      | Reached skill level 1 in Stealth
   245 | D:4      | Reached skill level 1 in Shields
   245 | D:4      | Reached skill level 1 in Unarmed Combat
   245 | D:4      | Reached skill level 1 in Conjurations
   245 | D:4      | Reached skill level 1 in Hexes
   245 | D:4      | Reached skill level 1 in Summonings
   245 | D:4      | Reached skill level 1 in Necromancy
   245 | D:4      | Reached skill level 1 in Translocations
   245 | D:4      | Reached skill level 1 in Transmutations
   245 | D:4      | Reached skill level 1 in Fire Magic
   245 | D:4      | Reached skill level 1 in Ice Magic
   245 | D:4      | Reached skill level 1 in Air Magic
   245 | D:4      | Reached skill level 1 in Earth Magic
   245 | D:4      | Reached skill level 1 in Poison Magic
   245 | D:4      | Reached skill level 1 in Invocations
   245 | D:4      | Reached skill level 1 in Evocations
   245 | D:4      | Reached XP level 4. HP: 16/38 MP: 1/11
   245 | D:4      | Reached XP level 5. HP: 18/43 MP: 1/12
   311 | D:4      | Noticed sefi's ghost (amateur MfGl)
   316 | D:5      | Entered Level 5 of the Dungeon
   349 | D:4      | Noticed a slave
   350 | D:4      | Noticed a slave
   361 | D:4      | Noticed Pikel
   361 | D:4      | Noticed a slave
   361 | D:4      | Reached skill level 3 in Armour
   364 | D:4      | Killed a slave
   365 | D:4      | Killed a slave
   366 | D:4      | Noticed a slave
   371 | D:4      | HP: 3/43 [Pikel/whip of freezing (6)]
   373 | D:4      | HP: 1/43 [Pikel/whip of freezing (1)]
   374 | D:4      | Killed Pikel
   374 | D:4      | Reached skill level 5 in Fighting
   374 | D:4      | Reached skill level 2 in Short Blades
   374 | D:4      | Reached skill level 2 in Long Blades
   374 | D:4      | Reached skill level 5 in Axes
   374 | D:4      | Reached skill level 2 in Maces & Flails
   374 | D:4      | Reached skill level 2 in Polearms
   374 | D:4      | Reached skill level 2 in Staves
   374 | D:4      | Reached skill level 2 in Slings
   374 | D:4      | Reached skill level 2 in Bows
   374 | D:4      | Reached skill level 2 in Crossbows
   374 | D:4      | Reached skill level 2 in Throwing
   374 | D:4      | Reached skill level 5 in Dodging
   374 | D:4      | Reached skill level 2 in Stealth
   374 | D:4      | Reached skill level 2 in Shields
   374 | D:4      | Reached skill level 2 in Unarmed Combat
   374 | D:4      | Reached skill level 2 in Conjurations
   374 | D:4      | Reached skill level 2 in Hexes
   374 | D:4      | Reached skill level 2 in Summonings
   374 | D:4      | Reached skill level 2 in Necromancy
   374 | D:4      | Reached skill level 2 in Translocations
   374 | D:4      | Reached skill level 2 in Transmutations
   374 | D:4      | Reached skill level 2 in Fire Magic
   374 | D:4      | Reached skill level 2 in Ice Magic
   374 | D:4      | Reached skill level 2 in Air Magic
   374 | D:4      | Reached skill level 2 in Earth Magic
   374 | D:4      | Reached skill level 2 in Poison Magic
   374 | D:4      | Reached skill level 2 in Invocations
   374 | D:4      | Reached skill level 2 in Evocations
   374 | D:4      | Reached XP level 6. HP: 1/51 MP: 3/14
   374 | D:4      | Reached XP level 7. HP: 1/56 MP: 3/15
   405 | D:4      | HP: 4/56 [something (13)]
   411 | D:4      | HP: 4/56 [orc/falchion (3)]
   413 | D:4      | Slain by an orc

Skill      XL: |  1  2  3  4  5 |
---------------+----------------+-----
Spellcasting   | 5 |  5.7
Short Blades   | 1 2 |  2.6
Long Blades    | 1 2 |  2.6
Maces & Flails | 1 2 |  2.6
Polearms       | 1 2 |  2.6
Staves         | 1 2 |  2.6
Slings         | 1 2 |  2.6
Bows           | 1 2 |  2.6
Crossbows      | 1 2 |  2.6
Throwing       | 1 2 |  2.6
Stealth        | 1 2 |  2.6
Shields        | 1 2 |  2.6
Unarmed Combat | 1 2 |  2.6
Conjurations   | 1 2 |  2.1
Hexes          | 1 2 |  2.1
Summonings     | 1 2 |  2.1
Necromancy     | 1 2 |  2.1
Translocations | 1 2 |  2.1
Transmutations | 1 2 |  2.1
Fire Magic     | 1 2 |  2.1
Ice Magic      | 1 2 |  2.1
Air Magic      | 1 2 |  2.1
Earth Magic    | 1 2 |  2.1
Poison Magic   | 1 2 |  2.1
Invocations    | 1 2 |  2.9
Evocations     | 1 2 |  2.6
Armour         | 3 |  3.7
Fighting       | 5 |  5.3
Axes           | 5 |  5.3
Dodging        | 5 |  5.3
Charms         | |  5.9

Action                   |  1- 3 |  4- 6 |  7- 9 || total
-------------------------+-------+-------+-------++-------
Melee: Hand axe          |    15 |       |       ||    15
       Bite              |     1 |       |       ||     1
       Morningstar       |     9 |    21 |       ||    30
       Punch             |       |     1 |       ||     1
 Cast: Infusion          |     4 |       |       ||     4
       Shroud of Golubri |     1 |     1 |       ||     2
       Song of Slaying   |     1 |     1 |       ||     2
       Spectral Weapon   |     1 |     2 |       ||     3
       Regeneration      |       |     2 |     2 ||     4
Evoke: Wand              |       |       |     8 ||     8
  Use: Potion            |       |     1 |     2 ||     3
       Scroll            |       |       |     1 ||     1
Armor: Leather armour    |     2 |     1 |     1 ||     4
Dodge: Dodged            |    21 |    10 |     3 ||    34

Table legend:
 A = Turns spent in this place as a percentage of turns spent in the entire game.
 B = Non-inter-level travel turns spent in this place as a percentage of non-inter-level travel turns spent in the entire game.
 C = Inter-level travel turns spent in this place as a percentage of turns spent in this place.
 D = Turns resting spent in this place as a percentage of non-inter-level travel turns spent in this place.
 E = Turns spent auto-exploring this place as a percentage of non-inter-level travel turns spent in this place.
 F = Non-inter-level travel turns spent in this place divided by the number of levels of this place that you've seen.
                   A       B       C       D       E      F
               +-------+-------+-------+-------+-------+----------------------
         Total | 100.0 | 100.0 |   0.0 |   0.0 |   0.0 |  82.6
       Dungeon | 100.0 | 100.0 |   0.0 |   0.0 |   0.0 |  82.6
               +-------+-------+-------+-------+-------+----------------------

Table legend:
 A = Kills in this place as a percentage of kills in entire the game.
 B = Kills by you in this place as a percentage of kills by you in the entire game.
 C = Kills by friends in this place as a percentage of kills by friends in the entire game.
 D = Other kills in this place as a percentage of other kills in the entire game.
 E = Experience gained in this place as a percentage of experience gained in the entire game.
 F = Experience gained in this place divided by the number of levels of this place that you have seen.
                   A       B       C       D       E      F
               +-------+-------+-------+-------+-------+----------------------
         Total | 100.0 | 100.0 |   N/A |   N/A | 100.0 | 211.6
       Dungeon | 100.0 | 100.0 |   N/A |   N/A | 100.0 | 211.6
               +-------+-------+-------+-------+-------+----------------------

Vault maps used:
D:1:      moated_graveyard_arrival, minmay_surrounded
D:2:      fedhas_altar_3, first_ration
D:3:      yredelemnul_forgotten_temple_becter, kennysheep_generic_room_6
D:4:      uniq_pikel
D:5:      vehumet_altar_wand_db, cheibriados_altar_1, nicolae_ru_path_of_blood
